AoeStats
← Lukascimice

Arabia

508446369Analyzed
1v1 RM · 10d ago on Sep 22, 2026· 49m 22s· 2 players
Game mode
Random Map
Map size
Tiny (2 player)
Population
200
Speed
Normal
Resources
Standard
Victory
Conquest
Starting age
Dark Age
Ending age
Imperial Age
RankedLock teamsTeams togetherTeam positionsShared explorationLock speedFull tech treeHidden civsTurbo modeCheats
Victory
Defeat
🇨🇿 Persians · Czechia
711
+17
🇪🇸 Burgundians · Spain
739
-17
Lukascimice
7:01 Loom
9:47 Feudal Age
10:39 Double-Bit Axe
10:37 Horse Collar
22:01 Castle Age
23:26 Husbandry
23:44 Stone Mining
24:54 Heavy Plow
25:09 Fletching
25:20 Padded Archer Armor
25:53 Pikeman
26:35 Squires
28:47 Parthian Tactics
29:15 Wheelbarrow
35:34 Hand Cart
35:38 Bow Saw
41:01 Imperial Age
39:49 Ballistics
39:43 Forging
39:39 Scale Barding Armor
39:50 Leather Archer Armor
39:30 Bodkin Arrow
38:57 Elite Skirmisher
39:45 Thumb Ring
41:24 Town Watch
48:54 Imperial Age
46:55 Murder Holes
47:00 Gold Mining
47:49 Stone Shaft Mining
48:42 Cavalier
gonzribe
2:01 Loom
9:48 Feudal Age
8:54 Double-Bit Axe
9:54 Horse Collar
21:25 Wheelbarrow
20:53 Heavy Plow
23:36 Castle Age
21:33 Gold Mining
25:09 Scale Barding Armor
26:50 Gold Shaft Mining
29:53 Hand Cart
30:01 Padded Archer Armor
30:40 Town Watch
30:40 Elite Skirmisher
31:58 Elite Skirmisher
34:26 Fletching
34:47 Forging
34:50 Cavalier
40:57 Pikeman
47:35 Crop Rotation
Connection lost

Rejoining the realm…

Still unreachable

The connection could not be restored.

Session expired

The server has moved on; the page needs a fresh start.